 Dungeon Crawl Stone Soup version 0.25-a0-292-gaa31f046c4 (webtiles) character file.

Game seed: 14345851838872301245, levelgen mode: deterministic

362 MoonlitKnight the Covered (level 6, -3/39 HPs)
             Began as a Gargoyle Fighter on Dec 15, 2019.
             Killed by divine providence
             ... invoked by an orc priest
              (13 damage)
             ... on level 4 of the Dungeon.
             The game lasted 00:06:35 (2853 turns).

MoonlitKnight the Covered (Gargoyle Fighter)        Turns: 2853, Time: 00:06:36

Health: -3/39      AC: 12    Str: 22    XL:     6   Next: 66%
Magic:  6/6        EV:  7    Int:  8    God:
Gold:   179        SH:  9    Dex:  9    Spells: 5/5 levels left

rFire    . . .     SeeInvis .   a - +0 whip
rCold    . . .     Gourm    .   c - +0 shield
rNeg     + . .     Faith    .   b - +0 scale mail
rPois    ∞         Spirit   .   (no helmet)
rElec    +         Reflect  .   p - +0 cloak (curse)
rCorr    .         Harm     .   (no gloves)
MR       .....                  (no boots)
Stlth    ..........             s - amulet of the acrobat
HPRegen  0.13/turn              (no ring)
MPRegen  0.10/turn              (no ring)

@: no status effects
A: negative energy resistance 1, electricity resistance, unbreathing,
petrification resistance, rot immunity, AC +4
a: no special abilities


You were on level 4 of the Dungeon.
You were not hungry.

You visited 1 branch of the dungeon, and saw 4 of its levels.

You collected 179 gold pieces.

Inventory:

Hand Weapons
 a - a +0 whip (weapon)
 j - a +0 hunting sling
 u - a +0 flail
Missiles
 i - 85 sling bullets
Armour
 b - a +0 scale mail (worn)
 c - a +0 shield (worn)
 p - a cursed +0 cloak (worn)
Jewellery
 s - an amulet of the acrobat (around neck)
Wands
 y - a wand of random effects (17)
Scrolls
 e - 5 scrolls of identify {unknown}
 n - a scroll of magic mapping {unknown}
 r - a scroll of noise {unknown}
 t - 3 scrolls of remove curse {unknown}
 v - 2 scrolls of teleportation {unknown}
Potions
 d - a potion of might
 g - 4 potions of agility {unknown}
 h - a potion of curing {unknown}
 l - 2 potions of brilliance {unknown}
 m - a potion of mutation {unknown}
 o - a potion of resistance
 q - a potion of ambrosia {unknown}
 w - 2 potions of degeneration {unknown}
 x - a potion of heal wounds {unknown}
Comestibles
 f - 6 rations
 k - 3 chunks of flesh


   Skills:
 + Level 4.6 Fighting
 * Level 4.5 Maces & Flails
 + Level 4.6 Armour
 + Level 4.5 Shields


You had 5 spell levels left.
You didn't know any spells.
Your spell library was empty.

Dungeon Overview and Level Annotations

Branches:
Dungeon (4/15)
 Temple: D:4-7

Altars:

Annotations:
D:2 1 runed translucent door, Crazy Yiuf


Innate Abilities, Weirdness & Mutations

You are resistant to torment.
Your stone body is resilient. (AC +4)
You are immune to poison.
You resist negative energy. (rN+)
You are resistant to electric shocks. (rElec)
You can survive without breathing.
You are immune to petrification.
You are immune to rotting.


Message History

You closely miss the orc priest.
The orc priest is lightly wounded.
The orc hits you but does no damage. You block the orc's attack.
The orc priest hits you with a +0 dagger.
You closely miss the orc priest.
The orc priest is lightly wounded.
You block the orc priest's attack. The orc hits you with a +0 war axe.
* * * LOW HITPOINT WARNING * * *
You block the orc's attack.
You hit the orc priest.
The orc priest is heavily wounded.
You block the orc priest's attack.
You hit the orc priest.
The orc priest is almost dead.
You block the orc's attack. x2
You closely miss the orc priest.
The orc priest is almost dead.
The orc priest calls down the wrath of Beogh upon you.
Beogh smites you!
You die...

....#...#.....#..#...........
....#...#.....####...........
..###...#....................
..+.....#.........#########+#
..#.....#........)#
..#.....'.........#
..#.....#.........#
..#.....#......o.)#
..#######.....##@##
..............#.oo#
..............#...#
..............#####
##..............
.'...............
.#..............(
.########........ ..# .....##


You could see an orc priest and 2 orcs.

Vanquished Creatures
  A hound (D:2)
  An iguana (D:4)
  2 orc wizards
  Natasha (thrice) (D:2)
  8 gnolls
  2 adders
  2 oozes (D:2)
  A worm (D:2)
  3 dart slugs (D:1)
  3 leopard geckos
  7 orcs
  5 giant cockroaches
  5 goblins
  8 hobgoblins
  A quokka (D:3)
  4 bats
  2 frilled lizards (D:3)
  6 kobolds
  8 rats
72 creatures vanquished.

Notes
Turn   | Place    | Note
-------+----------+-------------------------------------------
     0 | D:1      | MoonlitKnight the Gargoyle Fighter began the quest for the
                  | Orb.
     0 | D:1      | Reached XP level 1. HP: 14/14 MP: 1/1
   131 | D:1      | Reached XP level 2. HP: 19/19 MP: 2/2
   457 | D:1      | Reached XP level 3. HP: 23/23 MP: 3/3
   824 | D:2      | Noticed Natasha
   834 | D:2      | Killed Natasha
   834 | D:2      | Reached XP level 4. HP: 23/29 MP: 4/4
  1035 | D:2      | Found a runed translucent door.
  1036 | D:2      | Noticed Crazy Yiuf
  1163 | D:2      | Noticed Natasha
  1173 | D:2      | Killed Natasha
  1330 | D:2      | Noticed Natasha
  1343 | D:2      | Killed Natasha
  1343 | D:2      | Reached XP level 5. HP: 21/33 MP: 5/5
  2021 | D:3      | Reached XP level 6. HP: 33/39 MP: 6/6
  2853 | D:4      | Killed from afar by an orc priest

Levels and vault maps discovered:
D:1:      minmay_arrival_cross, layout_basic, minivault_14
D:2:      layout_rooms, first_ration, uniq_natasha, uniq_crazy_yiuf_cottage
D:3:      layout_rooms
D:4:      layout_gridville, nicolae_gozag_cash_rules_everything_around_me

Skill      XL: |  1  2  3  4  5 |
---------------+----------------+-----
Maces & Flails | 3 4 |  4.5
Fighting       | 4 |  4.6
Armour         | 4 |  4.6
Shields        | 4 |  4.5

Action                   |  1- 3 |  4- 6 || total
-------------------------+-------+-------++-------
Melee: Flail             |    84 |   140 ||   224
       Whip              |       |   158 ||   158
  Eat: Chunk             |       |     7 ||     7
Armor: Scale mail        |    52 |   212 ||   264
Dodge: Dodged            |    45 |   117 ||   162
Block: Shield            |    58 |   173 ||   231

Table legend:
 A = Non-vault XP
 B = Vault XP
 C = Vault XP percentage of total XP
 D = Non-vault monster count
 E = Vault monster count
 F = Vault count percentage of total count
                 A         B        C        D         E       F
            +---------+---------+-------+---------+---------+-------
      Total |     483 |      35 |   6.8 |      71 |       1 |   1.4
            +---------+---------+-------+---------+---------+-------
        D:1 |      40 |       0 |   0.0 |      20 |       0 |   0.0
        D:2 |     166 |      35 |  17.4 |      18 |       1 |   5.3
        D:3 |     152 |       0 |   0.0 |      23 |       0 |   0.0
        D:4 |     125 |       0 |   0.0 |      10 |       0 |   0.0
            +---------+---------+-------+---------+---------+-------
